 Dungeon Crawl Stone Soup version 0.24.0-123-gd5b16e6ec5 (webtiles) character file.

Game seed: 9531357648448860805, levelgen mode: deterministic

156 Descartes the Skirmisher (level 5, -4/42 HPs)
             Began as a Formicid Abyssal Knight on Jan 5, 2020.
             Was a Follower of Lugonu.
             Slain by an iguana (8 damage)
             ... on level 4 of the Dungeon.
             The game lasted 00:09:10 (3349 turns).

Descartes the Skirmisher (Formicid Abyssal Knight)  Turns: 3349, Time: 00:09:10

Health: -4/42      AC:  7    Str: 17    XL:     5   Next: 65%
Magic:  0/7        EV: 11    Int: 12    God:    Lugonu [*.....]
Gold:   282        SH:  0    Dex: 10    Spells: 4/4 levels left

rFire    . . .     SeeInvis +   j - +1 morningstar
rCold    . . .     Gourm    .   (no shield)
rNeg     + . .     Faith    .   f - +0 ring mail
rPois    .         Spirit   +   (helmet unavailable)
rElec    .         Reflect  .   k - scarf {Spirit}
rCorr    .         Harm     .   t - +1 pair of gloves
MR       .....                  (no boots)
Stlth    ++........             (no amulet)
HPRegen  0.14/turn              o - ring of stealth
MPRegen  0.10/turn              r - ring of positive energy

@: no status effects
A: permanent stasis, dig shafts and tunnels, four strong arms, antennae 3
a: Dig, Shaft Self, Depart the Abyss, Renounce Religion


You were on level 4 of the Dungeon.
You worshipped Lugonu.
Lugonu was aware of your devotion.
You were hungry.

You visited 1 branch of the dungeon, and saw 4 of its levels.
You visited the Abyss 1 time.

You collected 282 gold pieces.

Inventory:

Hand Weapons
 a - a +1 falchion
 j - a +1 morningstar (weapon)
 C - a +2 trident of freezing
Missiles
 e - 226 stones (quivered)
 g - 7 javelins
 u - 24 sling bullets
Armour
 b - a +0 leather armour
 f - a +0 ring mail (worn)
 k - a scarf of spirit shield (worn)
 t - a +1 pair of gloves (worn)
Jewellery
 o - a ring of stealth (left hand)
 r - a ring of positive energy (right hand)
Potions
 d - a potion of heal wounds {unknown}
 i - 3 potions of curing
 l - 2 potions of haste {unknown}
 n - 2 potions of flight
 p - 2 potions of agility {unknown}
 q - 3 potions of lignification
 s - 2 potions of brilliance {unknown}
 x - a potion of mutation {unknown}
 z - 2 potions of might {unknown}
Comestibles
 c - 4 rations
 A - a chunk of flesh


   Skills:
 + Level 4.1 Fighting
 - Level 2.0 Long Blades
 + Level 1.8 Maces & Flails
 + Level 3.1 Armour
 + Level 2.1 Dodging
 + Level 1.2 Stealth
 + Level 3.3 Invocations


You had 4 spell levels left.
You didn't know any spells.
Your spell library was empty.

Dungeon Overview and Level Annotations

Branches:
Dungeon (4/15)
 Temple: D:4-7

Altars:
Ashenzari

Annotations:
D:2 1 runed translucent door, Crazy Yiuf
D:4 2 runed translucent doors


Innate Abilities, Weirdness & Mutations

You cannot be hasted, slowed, berserked, paralysed or teleported.
You can dig through walls and to a lower floor.
Your four strong arms can wield two-handed weapons with a shield.
You have a pair of large antennae on your head. (SInv)


Message History

You hit the iguana.
The iguana is moderately wounded.
The iguana bites you!
You are too injured to fight recklessly!
You are too injured to fight recklessly!
You hit the iguana but do no damage.
The iguana is moderately wounded.
The iguana bites you!
* * * LOW HITPOINT WARNING * * *
You completely miss the iguana.
The iguana is moderately wounded.
The iguana completely misses you. The iguana barely misses you.
You barely miss the iguana.
The iguana is moderately wounded.
The iguana bites you.
* * * LOW HITPOINT WARNING * * *
You hit the iguana but do no damage.
The iguana is moderately wounded.
The iguana bites you!
You die...

. ######.....#.#
...##8=[8##..# #.#
#.#8....8#..###.# {
.###.+......'.....)#
.....+...รท..'......# {
.....#8....8#.....)#
.....##8[.8##......#
......######.......######
.. #.rl@................
##.##.#.......####### #.
#.........# #.
###.......# #. ###+#####
#. #. #. { {


You could see an iguana and a quokka.

Vanquished Creatures
  7 adders
  2 oozes
  6 worms
  2 dart slugs (D:1)
  An orc (D:3)
  A ball python (D:2)
  2 bats
  A giant cockroach (D:3)
  7 goblins
  9 hobgoblins
  5 jackals
  3 quokkas
  4 frilled lizards
  7 kobolds
  A leopard gecko skeleton (D:4)
  7 rats
65 creatures vanquished.

Notes
Turn   | Place    | Note
-------+----------+-------------------------------------------
     0 | Abyss:1  | Descartes the Formicid Abyssal Knight began the quest for
                  | the Orb.
     0 | Abyss:1  | Reached XP level 1. HP: 18/18 MP: 2/2
    32 | Abyss:1  | Found a corrupted altar of Lugonu.
    68 | Abyss:2  | Got a flickering ivory ring
    86 | Abyss:2  | Identified the cursed ring "Mizulewiw" {AC-2 Int+2} (You
                  | found it on level 2 of the Abyss)
   171 | Abyss:4  | Found a corrupted altar of Lugonu.
   188 | Abyss:5  | Entered Level 5 of the Abyss
   220 | Abyss:5  | Noticed a small abomination
   222 | Abyss:5  | Noticed a large abomination
   230 | Abyss:5  | Noticed a starcursed mass
   231 | D:1      | Escaped the Abyss
   354 | D:1      | Reached skill level 1 in Dodging
   436 | D:1      | Reached XP level 2. HP: 9/24 MP: 1/3
   970 | D:1      | Reached XP level 3. HP: 21/29 MP: 2/4
  1074 | D:1      | Reached * piety under Lugonu
  1164 | D:1      | Reached skill level 1 in Maces & Flails
  1478 | D:2      | Reached XP level 4. HP: 14/37 MP: 1/6
  1963 | D:2      | Reached XP level 5. HP: 34/42 MP: 4/7
  2177 | D:2      | Found a runed translucent door.
  2178 | D:2      | Noticed Crazy Yiuf
  2472 | D:3      | Reached skill level 4 in Fighting
  2722 | D:3      | Reached skill level 1 in Stealth
  2943 | D:3      | Found a shattered altar of Ashenzari.
  3234 | D:4      | Found a large runed translucent door.
  3234 | D:4      | Found a large runed translucent door.
  3241 | D:4      | Got a faintly humming helmet
  3275 | D:4      | Found a large runed translucent door.
  3275 | D:4      | Found a large runed translucent door.
  3296 | D:4      | Identified the +2 helmet of Joarig {rElec rC+ Str-5 Dex+3}
                  | (You found it on level 4 of the Dungeon)
  3349 | D:4      | Slain by an iguana

Levels and vault maps discovered:
D:1:      dpeg_arrival_stone_temple_mockup, layout_basic
D:2:      layout_loops_ring, first_ration, uniq_crazy_yiuf_cottage
D:3:      layout_basic, st_stairs_10, cheibrodos_ashenzari_chains
D:4:      layout_basic, minmay_hollow_rounded_squares

Skill      XL: |  1  2  3  4  5 |
---------------+----------------+-----
Dodging        | 1 2 |  2.1
Maces & Flails | 1 |  1.8
Invocations    | 3 |  3.3
Armour         | 3 |  3.1
Fighting       | 4 |  4.1
Stealth        | 1 |  1.2
Long Blades    | |  2.0

Action                   |  1- 3 |  4- 6 || total
-------------------------+-------+-------++-------
Melee: Morningstar       |    98 |   114 ||   212
Invok: Depart the Abyss  |     1 |       ||     1
  Use: Scroll            |     4 |     8 ||    12
 Stab: Sleeping          |       |     4 ||     4
  Eat: Chunk             |     2 |     2 ||     4
       Ration            |       |     1 ||     1
Armor: Ring mail         |    41 |    41 ||    82
Dodge: Dodged            |    68 |    83 ||   151
